[Event "Titled Tuesday Blitz December 14 2021"]
[White "Seul, Georg"]
[Black "Khegay, Dmitriy"]
[WhiteFideId "4601653"]
[BlackFideId "24153729"]
[WhiteElo "2271"]
[BlackElo "2457"]
[Result "0-1"]
[Round "02"]
[TimeControl "180+1"]
[Date "2021.12.15"]
[WhiteClock "0:00:01"]
[BlackClock "0:00:06"]

1. e4 Nc6 2. d4 d5 3. e5 Bf5 4. c3 f6 5. f4 e6 6. Nf3 Nh6 7. Bd3 Be7 8. O-O O-O 9. Be3 Na5 10. Bxf5 Nxf5 11. Bf2 Nc4 12. Qe2 fxe5 13. fxe5 Rc8 14. b3 Nb6 15. Nbd2 c5 16. g4 Nh6 17. h3 cxd4 18. cxd4 Nf7 19. Be3 Ng5 20. Nxg5 Bxg5 21. Rxf8+ Kxf8 22. Rf1+ Kg8 23. Nf3 Bxe3+ 24. Qxe3 h6 25. Rf2 Nd7 26. Kg2 Nf8 27. Qd3 Qc7 28. g5 h5 29. Nh4 Qc3 30. Qxc3 Rxc3 31. g6 Rd3 32. Rf4 Rd2+ 33. Kg3 Rxa2 34. Rf3 Rd2 35. Rc3 Rxd4 36. Rc7 Rb4 37. Rc8 Rxb3+ 38. Nf3 a5 39. Kf2 Rxf3+ 40. Kxf3 a4 41. Ra8 a3 42. Ke3 a2 43. Rxa2 Nxg6 44. Kd4 Ne7 45. Ra8+ Kf7 46. Kc5 Nc6 47. Kd6 d4 48. Rc8 d3 49. Rc7+ Kg6 50. Rxb7 Na5 51. Rb1 Kf5 52. Rf1+ Ke4 53. Kxe6 Nc4 54. Re1+ Kf3 55. Kd5 d2 56. Rh1 Ne3+ 57. Kd6 Ke2 0-1


[Site "https://www.chess.com"]

[Event "Titled Tuesday Blitz December 14 2021"]
[White "Shubin, Kirill"]
[Black "Chiu, Isaac"]
[WhiteFideId "34119962"]
[BlackFideId "30900654"]
[WhiteElo "2501"]
[BlackElo "2117"]
[Result "1-0"]
[Round "02"]
[TimeControl "180+1"]
[Date "2021.12.15"]
[WhiteClock "0:00:22"]
[BlackClock "0:00:28"]

1. e4 e5 2. Nf3 Nc6 3. Bb5 Qf6 4. c3 Bc5 5. O-O Nge7 6. a4 a6 7. Be2 d6 8. b4 Ba7 9. Bb2 O-O 10. b5 axb5 11. axb5 Nd8 12. d4 Ne6 13. dxe5 dxe5 14. c4 Ng6 15. Nc3 Nef4 16. Nd5 Nxd5 17. cxd5 Bg4 18. h3 Bxf3 19. Bxf3 c6 20. bxc6 bxc6 21. Rc1 cxd5 22. exd5 Rac8 23. Ba3 Rfd8 24. Qa4 Bd4 25. d6 Rxc1 26. Rxc1 Nf4 27. Qc6 Bxf2+ 28. Kxf2 Nd3+ 29. Kg1 Nxc1 30. Qxc1 e4 31. Bg4 Qd4+ 32. Kh1 e3 33. Qc7 Qa1+ 34. Kh2 Qe5+ 35. g3 Rf8 36. Qe7 Qc3 37. Qxf8+ Kxf8 38. d7+ Qxa3 39. d8=Q# 1-0


[Site "https://www.chess.com"]

[Event "Titled Tuesday Blitz December 14 2021"]
[White "Skatchkov, Valery"]
[Black "Djordjevic, Vuk"]
[WhiteFideId "24195812"]
[BlackFideId "902098"]
[WhiteElo "2195"]
[BlackElo "2463"]
[Result "1-0"]
[Round "02"]
[TimeControl "180+1"]
[Date "2021.12.15"]
[WhiteClock "0:00:10"]
[BlackClock "0:00:02"]

1. d4 Nf6 2. c4 e6 3. Nf3 b6 4. g3 Ba6 5. b3 Bb4+ 6. Bd2 Be7 7. Bg2 c6 8. O-O d5 9. Bc3 Nbd7 10. Nbd2 Rc8 11. Re1 c5 12. dxc5 Rxc5 13. Bd4 Rc8 14. cxd5 exd5 15. Nh4 O-O 16. Nf5 Bc5 17. e3 g6 18. Nh6+ Kg7 19. Ng4 Bxd4 20. exd4 Nxg4 21. Qxg4 Nf6 22. Qf4 Qc7 23. Re5 Nh5 24. Qe3 Nf6 25. Re1 Rfe8 26. h3 h5 27. Qf4 Qd7 28. Nf3 Rcd8 29. Ng5 Bd3 30. a4 Bf5 31. Bf1 Ng8 32. Bb5 Rxe5 33. Qxe5+ f6 34. Qe3 Qd6 35. Nf3 Be4 36. Nh4 g5 37. Ng2 Bf5 38. Kh2 Bg6 39. f4 g4 40. Nh4 Be4 41. Bd3 f5 42. Bxe4 Qf6 43. Bxf5 Kf7 44. Qe5 Qxe5 45. dxe5 Ne7 46. Bd3 d4 47. f5 Nc6 48. e6+ Kf6 49. Ng6 Nb4 50. e7 Rc8 51. Bb5 d3 52. e8=Q 1-0


[Site "https://www.chess.com"]

[Event "Titled Tuesday Blitz December 14 2021"]
[White "Sviridov, Valery"]
[Black "Gunduz, Umut Erdem"]
[WhiteFideId "4120680"]
[BlackFideId "6381383"]
[WhiteElo "2454"]
[BlackElo "2096"]
[Result "1-0"]
[Round "02"]
[TimeControl "180+1"]
[Date "2021.12.14"]
[WhiteClock "0:02:15"]
[BlackClock "0:01:56"]

1. Nf3 Nf6 2. g3 g6 3. Bg2 Bg7 4. O-O O-O 5. c4 c5 6. Nc3 Nc6 7. d4 cxd4 8. Nxd4 Nxd4 9. Qxd4 d6 10. b3 Nd7 11. Qd2 Nc5 12. Bb2 a5 13. Rac1 Be6 14. Rfd1 Qb6 15. Nb5 Bxb2 16. Qxb2 Rfc8 17. h4 a4 18. h5 axb3 19. axb3 Nd7 20. h6 Nf6 21. Rxd6 exd6 22. Qxf6 Kf8 23. Rd1 Rd8 24. Nd4 Bd7 25. Bd5 Be8 26. Ne6+ 1-0


[Site "https://www.chess.com"]

[Event "Titled Tuesday Blitz December 14 2021"]
[White "Sychev, Klementy"]
[Black "Aldokhin, Ivan"]
[WhiteFideId "4114060"]
[BlackFideId "24115720"]
[WhiteElo "2615"]
[BlackElo "2231"]
[Result "1-0"]
[Round "02"]
[TimeControl "180+1"]
[Date "2021.12.15"]
[WhiteClock "0:00:07"]
[BlackClock "0:00:09"]

1. e4 e6 2. Qe2 e5 3. f4 exf4 4. d4 Ne7 5. Bxf4 Ng6 6. Bg3 Be7 7. Nf3 O-O 8. h4 Re8 9. h5 Nf8 10. Nbd2 b6 11. O-O-O Ba6 12. Qf2 f6 13. h6 g6 14. Bxa6 Nxa6 15. Qe2 Nb8 16. Qc4+ d5 17. exd5 Bd6 18. Bh4 g5 19. Bf2 Ng6 20. Rde1 Nd7 21. Ne4 Rc8 22. Kb1 Ndf8 23. a3 Kh8 24. Rhf1 Nf4 25. g3 b5 26. Qb3 N4g6 27. Nxd6 Qxd6 28. Rxe8 Rxe8 29. Qxb5 Rd8 30. c4 a6 31. Qb3 c6 32. dxc6 Qxc6 33. d5 Qd6 34. Bd4 Ne5 35. Bxe5 fxe5 36. Ka2 g4 37. Ng5 Kg8 38. Qb7 Rd7 39. Qc8 Rd8 40. Qxg4 Qg6 41. Qh4 Qc2 42. Nf7 Rb8 43. Qg4+ Ng6 44. Rb1 Kxf7 45. Qd7+ Kg8 46. Qg7# 1-0


[Site "https://www.chess.com"]

[Event "Titled Tuesday Blitz December 14 2021"]
[White "Talibov, Shiroghlan"]
[Black "Nasyrova, Ekaterina"]
[WhiteFideId "13429078"]
[BlackFideId "44157797"]
[WhiteElo "2073"]
[BlackElo "2068"]
[Result "1-0"]
[Round "02"]
[TimeControl "180+1"]
[Date "2021.12.15"]
[WhiteClock "0:00:04"]
[BlackClock "0:00:02"]

1. c4 e6 2. Nc3 d5 3. d4 Nf6 4. cxd5 exd5 5. Bg5 Be7 6. e3 c6 7. Bd3 O-O 8. Qc2 Re8 9. Bxf6 Bxf6 10. Bxh7+ Kh8 11. Bf5 Bxd4 12. Nge2 Bf6 13. O-O Bxf5 14. Qxf5 g6 15. Qf4 Nd7 16. Rad1 Qe7 17. Qh6+ Kg8 18. Rfe1 Bg5 19. Qh3 Kg7 20. Qg3 Bf6 21. Nf4 Qe5 22. Qf3 Nb6 23. h3 Nc4 24. Re2 b5 25. Rde1 Nxb2 26. Rxb2 Qxc3 27. Rbb1 Rad8 28. Rec1 Qa3 29. Rxc6 Qxa2 30. Rxb5 Qa1+ 31. Kh2 Be5 32. g3 Bxf4 33. Qxf4 Re4 34. Qg5 Rde8 35. Rb7 R8e6 36. Qxd5 Qf1 37. Rc2 R4e5 38. Qd4 Kg8 39. Rc8+ Kg7 40. Rc2 Kh6 41. Qh4+ Kg7 42. Rb8 Rf6 43. Qh8# 1-0


[Site "https://www.chess.com"]

[Event "Titled Tuesday Blitz December 14 2021"]
[White "Tanenbaum, Zachary"]
[Black "Maltsevskaya, Aleksandra"]
[WhiteFideId "2060850"]
[BlackFideId "24174041"]
[WhiteElo "2168"]
[BlackElo "2312"]
[Result "0-1"]
[Round "02"]
[TimeControl "180+1"]
[Date "2021.12.15"]
[WhiteClock "0:00:00"]
[BlackClock "0:00:08"]

1. e4 c5 2. Nf3 e6 3. d4 cxd4 4. Nxd4 Nf6 5. Nc3 Nc6 6. Ndb5 Bc5 7. Nd6+ Ke7 8. Bf4 e5 9. Nf5+ Kf8 10. Bg5 h6 11. Bxf6 Qxf6 12. Nd5 Qd8 13. Bc4 g6 14. Nfe3 d6 15. O-O Kg7 16. c3 a5 17. a4 Be6 18. Qd2 Qh4 19. Nc7 Bxc4 20. Nxc4 Rac8 21. Nb5 Rcd8 22. Qd3 Ne7 23. Rad1 d5 24. exd5 Nxd5 25. Nxe5 Nf4 26. Qf3 Qg5 27. Nd3 Nxd3 28. Rxd3 Rxd3 29. Qxd3 Rd8 30. Qf3 Rd2 31. g3 Rxb2 32. Qxb7 Qf5 33. Qg2 h5 34. Nd4 Bxd4 35. cxd4 Rd2 36. Qc6 Rxd4 37. Qc3 Qe5 38. Qb3 h4 39. Kg2 Qe4+ 40. Kg1 h3 41. f3 Qe2 42. Rf2 Rd1+ 43. Qxd1 Qxd1+ 44. Rf1 Qxa4 45. f4 Qd4+ 46. Rf2 a4 47. f5 a3 48. f6+ Kh7 49. g4 g5 0-1


[Site "https://www.chess.com"]

[Event "Titled Tuesday Blitz December 14 2021"]
[White "Terry, Renato"]
[Black "Kislov, Oleg"]
[WhiteFideId "3803457"]
[BlackFideId "13503774"]
[WhiteElo "2577"]
[BlackElo "2252"]
[Result "1-0"]
[Round "02"]
[TimeControl "180+1"]
[Date "2021.12.14"]
[WhiteClock "0:00:56"]
[BlackClock "0:00:27"]

1. e4 e6 2. d4 d5 3. exd5 exd5 4. Nf3 Nf6 5. Bd3 c5 6. O-O Nc6 7. dxc5 Bxc5 8. Re1+ Be6 9. Be3 d4 10. Bg5 O-O 11. Nbd2 h6 12. Bh4 Be7 13. a3 a5 14. Rxe6 fxe6 15. Qe2 Qd7 16. Re1 Rae8 17. Bg6 Rc8 18. Bd3 Bd6 19. Ne4 Be7 20. Nxf6+ Bxf6 21. Qe4 g5 22. Bg3 Rce8 23. h3 Qg7 24. Nh2 h5 25. Nf3 Rf7 26. Nd2 g4 27. h4 Rd7 28. Nc4 Rd5 29. Qxd5 exd5 30. Rxe8+ Kf7 31. Nd6# 1-0


[Site "https://www.chess.com"]

[Event "Titled Tuesday Blitz December 14 2021"]
[White "Tokman, Ariel"]
[Black "Murzin, Volodar"]
[WhiteFideId "117420"]
[BlackFideId "44155573"]
[WhiteElo "2293"]
[BlackElo "2481"]
[Result "0-1"]
[Round "02"]
[TimeControl "180+1"]
[Date "2021.12.15"]
[WhiteClock "0:00:09"]
[BlackClock "0:00:07"]

1. b3 e5 2. Bb2 Nc6 3. e3 g6 4. c4 Bg7 5. a3 Nge7 6. Qc2 O-O 7. Nf3 d6 8. d3 Bf5 9. Nbd2 a5 10. Be2 Qd7 11. O-O Rae8 12. Rfe1 Kh8 13. Bc3 d5 14. cxd5 Nxd5 15. Bb2 Nde7 16. Ne4 Qc8 17. Rac1 Rd8 18. Qb1 Be6 19. Nc5 Bd5 20. e4 Be6 21. Qa1 f6 22. Nxe6 Qxe6 23. d4 exd4 24. Nxd4 Nxd4 25. Bxd4 Nc6 26. Bc3 Rfe8 27. Bc4 Qe7 28. Bd5 Ne5 29. Bxe5 fxe5 30. Bxb7 Rf8 31. Bd5 Rd6 32. Qb2 Rdf6 33. Re2 Bh6 34. Rcc2 Rd8 35. g3 Rdd6 36. Qc3 c6 37. Bc4 Qc7 38. Kg2 Rd4 39. a4 Bf8 40. Rc1 Bb4 41. Qe3 Qd6 42. h4 Bd2 43. Rxd2 Rxd2 44. Rf1 Qd4 45. Qxd4 Rxd4 46. f3 Kg7 47. Rf2 h6 48. Rc2 Kf8 49. Re2 Ke7 50. Re3 Rd2+ 51. Kh3 Kd6 52. Kg4 Kc5 53. h5 Kd4 54. Re1 g5 55. Bg8 Rf2 56. Bh7 R2xf3 57. Bf5 Rxb3 58. Rd1+ Rd3 59. Rc1 c5 60. Rb1 c4 61. Rb5 c3 62. Rd5+ Ke3 63. Rxa5 c2 64. Rc5 Kd2 0-1


[Site "https://www.chess.com"]

[Event "Titled Tuesday Blitz December 14 2021"]
[White "Toshali, V"]
[Black "Shimelkov, Vasiliy"]
[WhiteFideId "5072611"]
[BlackFideId "13701630"]
[WhiteElo "1754"]
[BlackElo "2073"]
[Result "0-1"]
[Round "02"]
[TimeControl "180+1"]
[Date "2021.12.15"]
[WhiteClock "0:00:02"]
[BlackClock "0:00:11"]

1. d4 d5 2. Nf3 Nf6 3. c3 Bf5 4. Qb3 Qc8 5. Bf4 e6 6. Nbd2 c5 7. e3 c4 8. Qa4+ Nbd7 9. Nh4 Bg6 10. Be2 Be7 11. Nxg6 hxg6 12. h3 a6 13. Bf3 b5 14. Qc2 O-O 15. e4 Nb6 16. e5 Ne8 17. h4 b4 18. h5 g5 19. Be3 b3 20. axb3 cxb3 21. Nxb3 Nc4 22. Bc1 a5 23. Nd2 f5 24. exf6 Rxf6 25. Nxc4 Qxc4 26. Bxg5 Rxf3 27. Bxe7 Rf4 28. f3 Rxd4 29. Kf2 Rf4 30. Rad1 Rf7 31. Bg5 e5 32. h6 e4 33. hxg7 Rxg7 34. Bh6 Rf7 35. Rd4 Qc5 36. Qd2 Qe7 37. Qg5+ Qxg5 38. Bxg5 exf3 39. gxf3 Nc7 40. Bh4 Ne6 41. Rxd5 Nf4 42. Rg1+ Kf8 43. Rd4 Re8 44. Rg4 Ne6 45. Rde4 Nc5 46. Rxe8+ Kxe8 47. Rg5 Nd3+ 48. Ke3 Nxb2 49. Rxa5 Nc4+ 50. Kd4 Nxa5 51. Ke3 Nb7 52. Kf2 Kd7 53. Ke2 Kc6 54. Bf2 Kd5 55. Be3 Kc4 56. f4 Nd6 57. Bd4 Ne4 58. Ke3 Nxc3 59. Bxc3 Kxc3 60. Ke4 Kc4 61. Ke5 Kc5 62. f5 Re7+ 63. Kf6 Re2 64. Kg7 Kd6 65. f6 Ke6 66. f7 Rg2+ 67. Kf8 Rf2 68. Kg8 Rxf7 69. Kh8 Rb7 70. Kg8 Kf6 71. Kh8 Kg6 72. Kg8 Rb8# 0-1


[Site "https://www.chess.com"]

[Event "Titled Tuesday Blitz December 14 2021"]
[White "Urazayev, Arystanbek"]
[Black "Hua, Lefong"]
[WhiteFideId "13709810"]
[BlackFideId "2602253"]
[WhiteElo "2321"]
[BlackElo "2597"]
[Result "1-0"]
[Round "02"]
[TimeControl "180+1"]
[Date "2021.12.14"]
[WhiteClock "0:02:14"]
[BlackClock "0:01:24"]

1. d4 Nf6 2. c4 g6 3. Nc3 Bg7 4. e4 d6 5. Be2 O-O 6. h4 c5 7. d5 e6 8. h5 exd5 9. exd5 Re8 10. h6 Bh8 11. Bg5 Nbd7 12. Kf1 a6 13. g3 Ne5 14. Kg2 Qc7 15. Nf3 Nxf3 16. Bxf3 Bf5 17. g4 Bd7 18. Bf4 Bc8 19. g5 Nd7 20. Qa4 b5 21. Nxb5 axb5 22. Qxa8 bxc4 23. Qc6 Qxc6 24. dxc6 Ne5 25. Bd5 Be6 26. Bxe6 fxe6 27. Rad1 d5 28. Bxe5 Bxe5 29. Rhe1 Bf4 30. Rxd5 1-0


[Site "https://www.chess.com"]

[Event "Titled Tuesday Blitz December 14 2021"]
[White "Vlassov, Nikolai"]
[Black "Tsydypov, Zhamsaran"]
[WhiteFideId "4103360"]
[BlackFideId "4108566"]
[WhiteElo "2407"]
[BlackElo "2614"]
[Result "0-1"]
[Round "02"]
[TimeControl "180+1"]
[Date "2021.12.14"]
[WhiteClock "0:00:05"]
[BlackClock "0:00:23"]

1. e4 c5 2. c3 Qa5 3. Nf3 d6 4. Bc4 Nf6 5. d3 e6 6. O-O Be7 7. a3 O-O 8. b4 Qc7 9. Nbd2 b6 10. d4 cxd4 11. cxd4 Nxe4 12. Nxe4 Qxc4 13. Bf4 Qd5 14. Re1 Nc6 15. Rc1 Bb7 16. Qd2 Rac8 17. Nc3 Qh5 18. d5 Nd8 19. Bg3 a6 20. Qd4 Bf6 21. Qd3 Bxc3 22. Rxc3 Rxc3 23. Qxc3 Bxd5 24. Bxd6 Re8 25. Re5 Qg6 26. h4 Nb7 27. Rg5 Nxd6 28. Rxg6 hxg6 29. Qc7 Nc4 30. Ne5 Nxe5 31. Qxe5 Rc8 32. Qd6 Rc6 33. Qd8+ Kh7 34. Qe7 f6 35. f3 Rc3 36. a4 Ra3 37. a5 bxa5 38. bxa5 Rxa5 39. Qe8 Ba2 40. g4 Rc5 41. h5 gxh5 42. gxh5 Rg5+ 43. Kf2 Bd5 44. f4 Rg4 45. Ke3 a5 46. Qf7 a4 47. Qa7 a3 48. Kf2 a2 49. Ke3 Rg1 50. h6 a1=Q 0-1


[Site "https://www.chess.com"]

[Event "Titled Tuesday Blitz December 14 2021"]
[White "Willow, Jonah B"]
[Black "Ovetchkin, Roman"]
[WhiteFideId "438804"]
[BlackFideId "4119991"]
[WhiteElo "2261"]
[BlackElo "2432"]
[Result "1-0"]
[Round "02"]
[TimeControl "180+1"]
[Date "2021.12.14"]
[WhiteClock "0:00:50"]
[BlackClock "0:00:15"]

1. e4 c6 2. d4 d5 3. Nc3 dxe4 4. Nxe4 Nf6 5. Nxf6+ exf6 6. c3 Bd6 7. Bd3 O-O 8. Qc2 Re8+ 9. Ne2 h5 10. O-O h4 11. h3 Nd7 12. Bf4 Nf8 13. Qd2 Be7 14. Rae1 Be6 15. b3 Qd7 16. Qc2 a5 17. Bh2 Bd6 18. Bxd6 Qxd6 19. f4 a4 20. f5 axb3 21. axb3 Bd7 22. Qd2 Ra3 23. Bc2 Nh7 24. Nc1 Rxe1 25. Qxe1 Qg3 26. Qxg3 hxg3 27. Ne2 Ra2 28. Bd1 Rd2 29. Nxg3 Rd3 30. Kf2 Rxc3 31. Ne2 Rd3 32. Bc2 Rd2 33. Rc1 Ng5 34. Ke3 Rxc2 35. Rxc2 Bxf5 36. Ra2 Be6 37. Ra3 b5 38. Nf4 Bf5 39. Ra6 Bc2 40. b4 Ne6 41. Rxc6 Bb3 42. Rb6 Bc4 43. d5 Nxf4 44. Kxf4 Bxd5 45. Rxb5 Bxg2 46. h4 Kh7 47. Rc5 Kh6 48. b5 g6 49. b6 Bh1 50. Rc7 g5+ 51. hxg5+ fxg5+ 52. Kf5 1-0


[Site "https://www.chess.com"]

[Event "Titled Tuesday Blitz December 14 2021"]
[White "Yi, Richard"]
[Black "Pichot, Alan"]
[WhiteFideId "2079518"]
[BlackFideId "110973"]
[WhiteElo "2604"]
[BlackElo "2629"]
[Result "0-1"]
[Round "02"]
[TimeControl "180+1"]
[Date "2021.12.14"]
[WhiteClock "0:00:28"]
[BlackClock "0:01:39"]

1. d4 Nf6 2. c4 e6 3. Nc3 Bb4 4. Qc2 d6 5. Nf3 O-O 6. Bd2 b6 7. e4 c5 8. Bd3 cxd4 9. Nxd4 Bb7 10. O-O Nbd7 11. f3 Rc8 12. Rac1 Ne5 13. Ncb5 Bc5 14. Be3 a6 15. Na3 d5 16. exd5 exd5 17. Bf5 Rc7 18. Kh1 dxc4 19. Nxc4 Bxd4 20. Bxd4 Qxd4 21. b3 b5 0-1


[Site "https://www.chess.com"]

[Event "Titled Tuesday Blitz December 14 2021"]
[White "Zivkovic, Nemanja"]
[Black "Maly, Alexey"]
[WhiteFideId "942154"]
[BlackFideId "14103184"]
[WhiteElo "2384"]
[BlackElo "2294"]
[Result "0-1"]
[Round "02"]
[TimeControl "180+1"]
[Date "2021.12.15"]
[WhiteClock "0:00:15"]
[BlackClock "0:00:30"]

1. e4 c6 2. d4 d5 3. e5 Bf5 4. Nf3 e6 5. Be2 Nd7 6. Nbd2 h6 7. Nb3 Ne7 8. O-O Bg6 9. a4 Nf5 10. a5 Be7 11. Bd2 O-O 12. c4 dxc4 13. Bxc4 b5 14. axb6 axb6 15. Be2 Qc7 16. Bc3 Qb7 17. Qd2 Rxa1 18. Rxa1 Ra8 19. Qd1 c5 20. h3 Rxa1 21. Qxa1 cxd4 22. Nbxd4 Nxd4 23. Nxd4 Nxe5 24. Qa4 Bf6 25. Qe8+ Kh7 26. Nf3 Nxf3+ 27. Bxf3 Qc7 28. Bxf6 gxf6 29. h4 h5 30. b4 Qf4 31. Qb5 Qc1+ 32. Kh2 Qc7+ 33. Kg1 e5 34. g3 Kg7 35. Bd5 Bf5 36. Kg2 Be6 37. Bf3 Bg4 38. Qe2 Bxf3+ 39. Qxf3 Kg6 40. Qe4+ f5 41. Qd5 e4 42. b5 Qe7 43. Qc6+ Qe6 44. Kf1 Kf6 45. Qc3+ Kg6 46. Qc6 Kg7 47. Qc3+ Kg8 48. Qc6 Kf8 49. Qc3 Qd5 50. Qb4+ Kg8 51. Kg1 Qe5 52. Qb3 f4 53. Kg2 fxg3 54. Qxg3+ Qg7 55. Kh3 Qg6 56. Qxg6+ fxg6 57. Kg3 Kg7 58. Kf4 Kf6 59. Kxe4 g5 60. hxg5+ Kxg5 61. f4+ Kf6 62. f5 h4 63. Kf4 h3 64. Kg3 Kxf5 65. Kxh3 Ke5 66. Kg2 Kd5 67. Kf2 Kc5 68. Ke2 Kxb5 69. Kd2 Kb4 70. Kc2 Ka3 71. Kc1 Kb3 72. Kb1 b5 0-1


[Site "https://www.chess.com"]

[Event "Titled Tuesday Blitz December 14 2021"]
[White "Zubov, Alexander"]
[Black "Suvorov, Alexander"]
[WhiteFideId "14109409"]
[BlackFideId "12977063"]
[WhiteElo "2685"]
[BlackElo "2221"]
[Result "1-0"]
[Round "02"]
[TimeControl "180+1"]
[Date "2021.12.14"]
[WhiteClock "0:00:51"]
[BlackClock "0:00:30"]

1. d4 Nf6 2. c4 c5 3. d5 b5 4. cxb5 a6 5. bxa6 g6 6. Nc3 Bg7 7. e4 O-O 8. a7 Rxa7 9. Nf3 Qa5 10. Bd2 Qb6 11. Be2 d6 12. O-O Ba6 13. Rb1 Nbd7 14. b3 Ne8 15. a4 Nc7 16. Re1 Rb8 17. Qc2 Bxe2 18. Nxe2 Na6 19. Qc4 Rab7 20. Nc3 Qa7 21. Nb5 Qa8 22. Qc2 Nc7 23. Na3 Rb6 24. Nc4 Ra6 25. a5 Nb5 26. b4 Nd4 27. Nxd4 Bxd4 28. b5 Ra7 29. a6 Nb6 30. Na5 1-0


[Site "https://www.chess.com"]

[Event "Titled Tuesday Blitz December 14 2021"]
[White "Artemenko, Oleg"]
[Black "Shubin, Kirill"]
[WhiteFideId "14201798"]
[BlackFideId "34119962"]
[WhiteElo "2287"]
[BlackElo "2501"]
[Result "0-1"]
[Round "03"]
[TimeControl "180+1"]
[Date "2021.12.14"]
[WhiteClock "0:00:45"]
[BlackClock "0:00:44"]

1. d4 e6 2. Nc3 d5 3. Bf4 a6 4. Qd2 Nf6 5. e3 c5 6. Nf3 Nc6 7. Ne5 cxd4 8. exd4 Qb6 9. Nxc6 bxc6 10. Na4 Qa7 11. Bd3 Bd7 12. b4 Qxd4 13. c3 Qa7 14. O-O c5 15. Nxc5 Bxc5 16. bxc5 Qxc5 17. Be5 Qe7 18. c4 O-O 19. Qg5 h6 20. Qg3 Nh5 21. Qg4 dxc4 22. Bxc4 Qg5 23. Qxg5 hxg5 24. Rfd1 Bc6 25. Rac1 Rfc8 26. Rd6 Bd5 27. g4 Nf4 28. Bxf4 gxf4 29. h4 Rxc4 30. Rb1 Rac8 31. g5 Rc1+ 0-1


[Site "https://www.chess.com"]

[Event "Titled Tuesday Blitz December 14 2021"]
[White "Aslanov, Umid"]
[Black "Atabayev, Saparmyrat"]
[WhiteFideId "13412620"]
[BlackFideId "14000571"]
[WhiteElo "1796"]
[BlackElo "2483"]
[Result "0-1"]
[Round "03"]
[TimeControl "180+1"]
[Date "2021.12.15"]
[WhiteClock "0:00:05"]
[BlackClock "0:00:49"]

1. e4 c5 2. Nf3 d6 3. d4 cxd4 4. Nxd4 e5 5. Nb5 Nf6 6. N1c3 a6 7. Na3 b5 8. Nd5 Bb7 9. Bg5 Be7 10. Bxf6 Bxf6 11. c4 Bg5 12. Nc2 O-O 13. h4 Bh6 14. g4 Bf4 15. cxb5 axb5 16. Bg2 Nd7 17. Nce3 Nc5 18. b4 Bxe3 19. fxe3 Ne6 20. g5 Ra3 21. O-O Qa8 22. Ne7+ Kh8 23. Nd5 Rxa2 24. Rxa2 Qxa2 25. Qg4 Bc8 26. Qh5 Qa7 27. Bh3 Nf4 28. Nxf4 Qxe3+ 29. Kg2 exf4 30. Qf3 Bxh3+ 31. Qxh3 Qxe4+ 32. Qf3 Qxb4 33. Qxf4 Qxf4 34. Rxf4 Kg8 35. Rb4 Rb8 36. Kf3 Kf8 37. Ke4 Ke7 38. Kd5 Kd7 39. Rf4 Ke7 40. Re4+ Kf8 41. Kxd6 g6 42. Kc7 Ra8 43. Rb4 Ra4 44. Rxb5 Rxh4 45. Kd6 Re4 46. Rd5 Re6+ 47. Kd7 Kg7 48. Rc5 h6 49. gxh6+ Kxh6 50. Rc1 g5 51. Rh1+ Kg6 52. Rh8 Kg7 53. Rh5 Re5 54. Kd6 f6 55. Rh1 Kg6 56. Rg1 Re2 57. Kd5 f5 58. Kd4 g4 59. Kd3 Re8 60. Ra1 Kg5 61. Ra6 g3 62. Ra7 f4 63. Rg7+ Kh4 64. Rg8 Rxg8 0-1


[Site "https://www.chess.com"]

[Event "Titled Tuesday Blitz December 14 2021"]
[White "Baskin, Robert"]
[Black "Tarasova, Viktoriya"]
[WhiteFideId "24662402"]
[BlackFideId "4175840"]
[WhiteElo "2488"]
[BlackElo "2182"]
[Result "1-0"]
[Round "03"]
[TimeControl "180+1"]
[Date "2021.12.15"]
[WhiteClock "0:00:03"]
[BlackClock "0:00:02"]

1. e4 e5 2. Bc4 Nf6 3. d3 c6 4. Nf3 d5 5. Bb3 Bd6 6. O-O O-O 7. Nbd2 h6 8. Re1 Re8 9. Nf1 a5 10. a3 a4 11. Ba2 Qc7 12. Ng3 Be6 13. Nh4 Nbd7 14. Nhf5 Bf8 15. Qf3 Kh7 16. Nh5 Nxh5 17. Qxh5 dxe4 18. Bxe6 Rxe6 19. Nxh6 Rxh6 20. Bxh6 gxh6 21. Qxf7+ Bg7 22. dxe4 Rf8 23. Qe7 Qc8 24. Rad1 Nf6 25. h3 Nh5 26. Rd7 Re8 27. Qd6 Nf6 28. Rc7 Qd8 29. Rd1 Qxd6 30. Rxd6 Nxe4 31. Rdd7 Rg8 32. Rxb7 Nc5 33. Rdc7 Nxb7 34. Rxb7 Rd8 35. Rb4 Rd2 36. Rc4 e4 37. Rxe4 Bxb2 38. Rxa4 Rxc2 39. g3 c5 40. Ra7+ Kg6 41. a4 c4 42. a5 Bd4 43. Rd7 Bxf2+ 44. Kg2 Bc5+ 45. Kf3 c3 46. a6 Ra2 47. Rc7 Bd4 48. Rc4 Bf6 49. Ke3 Rxa6 50. Kd3 Rd6+ 51. Kc2 Rd2+ 52. Kc1 Rg2 53. Rg4+ Kf7 54. h4 Rf2 55. h5 Rf1+ 56. Kc2 Rf2+ 57. Kd3 c2 58. Rc4 Rf3+ 59. Kxc2 Rxg3 60. Kd2 Rg2+ 61. Ke3 Rg3+ 62. Kf4 Rg5 63. Kf3 Rf5+ 64. Kg4 Rg5+ 65. Kf3 Rxh5 66. Rc7+ Kg6 67. Rc6 Rf5+ 68. Kg2 Rg5+ 69. Kh1 h5 70. Rc4 Rf5 71. Rc2 h4 72. Rg2+ Kh5 73. Rd2 Ra5 74. Rc2 Bg5 75. Kg2 Ra3 76. Re2 Rg3+ 77. Kh2 Rf3 78. Kg2 Rg3+ 79. Kh2 Rd3 80. Kg2 Bf4 81. Re4 Kg4 82. Re2 h3+ 83. Kf1 Rf3+ 84. Kg1 Rg3+ 85. Kh1 Ra3 86. Re1 Ra2 87. Rf1 Rh2+ 88. Kg1 Rg2+ 89. Kh1 Ra2 90. Kg1 h2+ 91. Kh1 Bd6 92. Rd1 1-0


[Site "https://www.chess.com"]

[Event "Titled Tuesday Blitz December 14 2021"]
[White "Batsiashvili, Nino"]
[Black "Kucuksari, Kaan"]
[WhiteFideId "13602993"]
[BlackFideId "6380166"]
[WhiteElo "2294"]
[BlackElo "2305"]
[Result "1-0"]
[Round "03"]
[TimeControl "180+1"]
[Date "2021.12.15"]
[WhiteClock "0:00:18"]
[BlackClock "0:00:06"]

1. d4 d5 2. c4 c6 3. Nf3 Nf6 4. e3 e6 5. Nbd2 c5 6. b3 cxd4 7. exd4 Nc6 8. Bb2 Be7 9. Bd3 O-O 10. O-O b6 11. Re1 Bb7 12. Qe2 Nb4 13. Bb1 a5 14. Ne5 a4 15. a3 Nc6 16. cxd5 Qxd5 17. Ndf3 axb3 18. Bd3 Na5 19. Qe3 Rac8 20. Re2 Rfd8 21. h4 Bd6 22. Qg5 h6 23. Qg3 Nc6 24. Qh3 Nxe5 25. Nxe5 Ra8 26. Bc4 Qxg2+ 27. Qxg2 Bxg2 28. Kxg2 Nd5 29. Bxb3 Nf4+ 30. Kf3 Nxe2 31. Kxe2 Bxe5 32. dxe5 Ra5 33. a4 Rc5 34. Rc1 Rxc1 35. Bxc1 Rb8 36. Bc4 Kf8 37. Be3 f6 38. exf6 gxf6 39. Bxh6+ Ke7 40. Be3 Rh8 41. Bxb6 Rxh4 42. Bb5 Kd6 43. a5 Rb4 44. Bd3 Kc6 45. Be3 Rc4 46. Bxc4 1-0


[Site "https://www.chess.com"]

[Event "Titled Tuesday Blitz December 14 2021"]
[White "Belous, Vladimir"]
[Black "Arencibia Monduy, Antonio"]
[WhiteFideId "4174003"]
[BlackFideId "3507939"]
[WhiteElo "2510"]
[BlackElo "2649"]
[Result "1-0"]
[Round "03"]
[TimeControl "180+1"]
[Date "2021.12.14"]
[WhiteClock "0:01:13"]
[BlackClock "0:00:09"]

1. c4 Nf6 2. Nc3 c5 3. g3 Nc6 4. Bg2 g6 5. Nf3 Bg7 6. d4 cxd4 7. Nxd4 O-O 8. O-O Nxd4 9. Qxd4 d6 10. Bg5 h6 11. Bd2 a6 12. Qd3 Rb8 13. Rac1 b5 14. cxb5 axb5 15. Nxb5 Ba6 16. a4 Nd7 17. b4 Nb6 18. Rc6 Bb7 19. a5 Bxc6 20. Bxc6 Na4 21. Qb3 Qc8 22. Rc1 Nc5 23. Qf3 Nb3 24. Qxb3 Qf5 25. Qd3 Qg4 26. a6 Rbc8 27. a7 Bb2 28. Rc4 Qe6 29. Bd5 Qd7 30. Rxc8 Rxc8 31. Qxg6+ 1-0


[Site "https://www.chess.com"]

[Event "Titled Tuesday Blitz December 14 2021"]
[White "Bortnyk, Olexandr"]
[Black "Thavandiran, Shiyam"]
[WhiteFideId "14120828"]
[BlackFideId "2605058"]
[WhiteElo "2723"]
[BlackElo "2357"]
[Result "1-0"]
[Round "03"]
[TimeControl "180+1"]
[Date "2021.12.14"]
[WhiteClock "0:00:21"]
[BlackClock "0:00:30"]

1. e4 c6 2. d4 d5 3. Nc3 dxe4 4. Nxe4 Nf6 5. Nxf6+ exf6 6. c3 Bd6 7. Bd3 O-O 8. Qc2 Re8+ 9. Ne2 h5 10. O-O h4 11. Nf4 Qc7 12. g3 Nd7 13. Qd1 Nf8 14. Qh5 g5 15. Ng2 Kg7 16. f4 Ng6 17. fxg5 Rh8 18. gxf6+ Kg8 19. Bh6 Bf8 20. Bf4 Nxf4 21. Qg5+ Ng6 22. Bxg6 Bh6 23. Qc5 hxg3 24. Rae1 Bh3 25. Re7 gxh2+ 26. Kh1 Bf8 27. Bxf7+ 1-0


[Site "https://www.chess.com"]